 Dungeon Crawl Stone Soup version 0.19.4-10-g532645f (console) character file.

2788 Grinner the Gusty (level 9, -18/54 HPs)
             Began as a Tengu Air Elementalist on Feb 21, 2017.
             Was a Follower of Vehumet.
             Demolished by an orc warrior
             ... wielding a +0 dire flail
              (20 damage)
             ... on level 9 of the Dungeon on Feb 22, 2017.
             The game lasted 00:32:50 (8443 turns).

Grinner the Gusty (Tengu Air Elementalist)          Turns: 8443, Time: 00:32:51

Health: -18/54     AC:  9    Str:  8      XL:     9   Next: 71%
Magic:  1/16       EV: 18    Int: 17      God:    Vehumet [*.....]
Gold:   504        SH:  0    Dex: 16 (17) Spells: 5 memorised, 4 levels left

rFire  . . .     SeeInvis .     a - +5 trident (vamp)
rCold  . . .     Gourm    .     d - +0 robe {MR+}
rNeg   . . .     Faith    .     (no shield)
rPois  .         Spirit   .     (helmet restricted)
rElec  .         Reflect  .     e - +1 cloak
rCorr  .         Harm     .     y - +0 pair of gloves
MR     +....                    (boots unavailable)
Stlth  +++.......               v - amulet of Wyenun {+Fly Regen+ Stlth+}
                                j - +2 ring of evasion
                                l - +4 ring of protection

@: sluggish, very slightly contaminated, hasted
A: beak, talons 3, able to fly 1
a: Fly, Renounce Religion, Evoke Flight


You were on level 9 of the Dungeon.
You worshipped Vehumet.
Vehumet was aware of your devotion.
You were near starving.

You visited 2 branches of the dungeon, and saw 10 of its levels.

You collected 504 gold pieces.

Inventory:

Hand Weapons
 a - a +5 vampiric trident (weapon)
Armour
 d - a +0 robe of magic resistance (worn)
 e - a +1 cloak (worn)
 y - a +0 pair of gloves (worn)
Magical Staves
 H - an uncursed staff of power {unknown}
Jewellery
 j - a +2 ring of evasion (right hand)
 l - a +4 ring of protection (left hand)
 v - the amulet of Wyenun (around neck) {+Fly Regen+ Stlth+}
   (You found it on level 7 of the Dungeon)

   [amulet of regeneration]

   It lets you fly.
   It increases your rate of regeneration.
   It makes you more stealthy.
 w - an uncursed ring of positive energy
 D - an uncursed ring of protection from fire
 E - an uncursed ring of protection from fire
Wands
 h - a wand of flame (26/48)
 G - a wand of lightning (3/15)
Scrolls
 f - a scroll of fear {unknown}
 k - 2 scrolls of noise
 o - a scroll of fog {unknown}
 r - 3 scrolls of remove curse
 s - 2 scrolls of teleportation {unknown}
 A - 2 scrolls of blinking {unknown}
 C - a scroll of magic mapping {unknown}
 F - a scroll of random uselessness {unknown}
 J - a scroll of enchant armour {unknown}
Potions
 g - a potion of haste
 m - a potion of resistance
 n - 3 potions of cure mutation
 q - a potion of cancellation
 t - a potion of ambrosia
 u - a potion of brilliance
 z - 2 potions of flight
 B - a potion of mutation {unknown}
 K - a potion of magic {unknown}
Books
 b - a book of Air

   Spells                             Type                      Level
   a - Shock                          Conjuration/Air              1
   b - Swiftness                      Charms/Air                   2
   c - Repel Missiles                 Charms/Air                   2
   d - Static Discharge               Conjuration/Air              3
   e - Lightning Bolt                 Conjuration/Air              5
Comestibles
 c - 4 bread rations
 i - 10 royal jellies
 p - 3 meat rations
 x - 4 slices of pizza


   Skills:
 + Level 5.3 Fighting
   Level 1.4 Short Blades
 * Level 6.9 Polearms
 + Level 6.4 Dodging
 - Level 2.0 Stealth
 + Level 4.5 Spellcasting
 + Level 6.1 Conjurations
 + Level 7.2 Air Magic


You had 4 spell levels left.
You knew the following spells:

 Your Spells              Type           Power        Failure   Level  Hunger
f - Lightning Bolt        Conj/Air       ####......   30%         5    ######.
m - Repel Missiles        Chrm/Air       ###...       6%          2    ##.....
s - Swiftness             Chrm/Air       ###.....     6%          2    ##.....
x - Static Discharge      Conj/Air       ####....     3%          3    ###....
z - Shock                 Conj/Air       ####         1%          1    None


Dungeon Overview and Level Annotations

Branches:
Dungeon (9/15)             Temple (1/1) D:7
   Lair: D:8-11         Orc: D:9-12

Altars:
Ashenzari
Cheibriados
Dithmenos
Elyvilon
Fedhas
Gozag
Hepliaklqana
Kikubaaqudgha
Makhleb
Nemelex Xobeh
Okawaru
Qazlal
Ru
Sif Muna
Trog
Uskayaw
Vehumet
Xom
Yredelemnul
Zin
The Shining One


Innate Abilities, Weirdness & Mutations

You have a beak for a mouth.
You have claws for feet.
You can fly.


Message History

The lightning grounds out.
The orc warrior completely misses you. x2
You barely miss the orc warrior.
The orc warrior is severely wounded.
The orc warrior barely misses you.
The orc warrior hits you with a dire flail!
The orc misses you.
You hit the orc warrior.
You feel better.
The orc warrior is almost dead.
The orc warrior completely misses you.
You feel yourself speed up.
The orc warrior hits you with a dire flail!!
* * * LOW HITPOINT WARNING * * *
The orc closely misses you.
The orc warrior hits you with a long sword.
* * * LOW HITPOINT WARNING * * *
You are very lightly contaminated with residual magic.
You barely miss the orc. You claw the orc, but do no damage.
The orc misses you.
The orc warrior hits you with a dire flail!!
You die...

##.................
##........$........
##................
##...............
##..............
##....../......
##............
##..ooo......
##..@.(.....
###########


You could see 2 orc warriors and an orc.

Vanquished Creatures
  A hippogriff (D:8)
  Eustachio (D:5)
  A hungry ghost (D:7)
  Menkaure (D:5)
  An ice beast (D:6)
  2 sky beasts
  3 ogres
  A big kobold (D:7)
  3 bullfrogs
  A gnoll sergeant (D:8)
  A scorpion (D:6)
  6 wights
  2 crimson imps
  A bullfrog zombie (D:7)
  A quasit (D:8)
  3 orc priests
  6 jellies
  2 hounds (D:6)
  2 bullfrog skeletons
  3 iguanas
  2 orc wizards (D:9)
  3 worker ants
  A hound skeleton (D:6)
  9 adders
  4 gnolls (D:8)
  A shadow imp (D:8)
  7 oozes
  2 worms
  8 dart slugs
  7 leopard geckos
  17 orcs
  5 bats
  9 giant cockroaches
  8 hobgoblins
  11 jackals
  6 quokkas
  2 ball pythons
  7 frilled lizards
  4 goblins
  10 kobolds
  A quokka skeleton (D:6)
  7 rats
173 creatures vanquished.

Notes
Turn   | Place    | Note
-------+----------+-------------------------------------------
     0 | D:1      | Grinner the Tengu Air Elementalist began the quest for the Orb.
     0 | D:1      | Reached XP level 1. HP: 10/10 MP: 4/4
   527 | D:1      | Reached XP level 2. HP: 16/16 MP: 4/6
   568 | D:1      | Reached skill level 1 in Fighting
   850 | D:1      | Reached XP level 3. HP: 20/20 MP: 5/7
  1920 | D:2      | Reached XP level 4. HP: 26/26 MP: 2/8
  2376 | D:2      | Upgraded the game from 0.19.4-9-g45fd643 to 0.19.4-10-g532645f
  2479 | D:3      | Learned a level 2 spell: Swiftness
  2482 | D:3      | Learned a level 2 spell: Repel Missiles
  2640 | D:3      | Gained mutation: You can fly. [Tengu growth]
  2640 | D:3      | Reached XP level 5. HP: 31/31 MP: 3/9
  3125 | D:3      | Reached skill level 1 in Short Blades
  3383 | D:4      | Learned a level 3 spell: Static Discharge
  3688 | D:4      | Reached XP level 6. HP: 21/36 MP: 6/10
  4025 | D:4      | Found a shimmering altar of Xom.
  4224 | D:5      | Entered Level 5 of the Dungeon
  4230 | D:5      | Noticed Menkaure
  4231 | D:5      | Reached skill level 1 in Polearms
  4238 | D:5      | Killed Menkaure
  4551 | D:5      | HP: 1/37 [orc priest/divine providence (12)]
  4561 | D:5      | Reached XP level 7. HP: 13/41 MP: 12/12
  4775 | D:5      | Reached skill level 5 in Air Magic
  4999 | D:5      | Noticed Eustachio
  5082 | D:5      | Killed Eustachio
  5911 | D:6      | Reached skill level 5 in Dodging
  5911 | D:6      | Reached XP level 8. HP: 42/48 MP: 0/13
  6207 | D:6      | Reached skill level 6 in Air Magic
  6684 | D:7      | Reached skill level 5 in Polearms
  6720 | D:7      | Got a vibrating platinum amulet
  6730 | D:7      | Reached skill level 5 in Conjurations
  6732 | D:7      | Identified the amulet of Wyenun {+Fly Regen+ Stlth+} (You found it on level 7 of the Dungeon)
  6973 | D:7      | Found a staircase to the Ecumenical Temple.
  7030 | D:7      | Reached XP level 9. HP: 52/52 MP: 16/16
  7034 | Temple   | Entered the Ecumenical Temple
  7250 | Temple   | Became a worshipper of Vehumet
  7617 | D:7      | Learned a level 5 spell: Lightning Bolt
  7777 | D:8      | Reached skill level 5 in Fighting
  7931 | D:8      | Reached skill level 7 in Air Magic
  8390 | D:9      | Reached * piety under Vehumet
  8390 | D:9      | Offered knowledge of Sting by Vehumet.
  8442 | D:9      | HP: 2/54 [orc warrior/long sword (5)]
  8443 | D:9      | Demolished by an orc warrior

Skill      XL: |  1  2  3  4  5  6  7  8  9 |
---------------+----------------------------+-----
Fighting       | 1 2 3 4 5 |  5.3
Conjurations   | 2 3 4 5 6 |  6.1
Dodging        | 3 4 5 6 |  6.4
Short Blades   | 1 |  1.4
Polearms       | 2 3 5 6 |  6.9
Spellcasting   | 3 4 |  4.5
Air Magic      | 5 6 7 |  7.2
Stealth        | |  2.0

Action                   |  1- 3 |  4- 6 |  7- 9 || total
-------------------------+-------+-------+-------++-------
Melee: Unarmed           |    68 |       |       ||    68
       Kick              |    23 |    21 |    73 ||   117
       Peck              |    16 |    11 |    41 ||    68
       Short sword       |    16 |    35 |       ||    51
       Trident           |       |    57 |   330 ||   387
 Cast: Shock             |    46 |    65 |     5 ||   116
       Static Discharge  |       |     5 |    13 ||    18
       Swiftness         |       |       |     2 ||     2
       Lightning Bolt    |       |       |     1 ||     1
  Use: Potion            |     1 |     5 |     4 ||    10
       Scroll            |       |     1 |     9 ||    10
 Stab: Sleeping          |     2 |     4 |    10 ||    16
       Distracted        |       |     1 |     1 ||     2
       Invisible         |       |       |     1 ||     1
  Eat: Chunk             |     4 |     9 |     8 ||    21
       Meat ration       |       |     1 |       ||     1
       Bread ration      |       |       |     1 ||     1
       Beef jerky        |       |       |     1 ||     1
Armor: Robe              |    25 |    24 |    77 ||   126
       Skin              |    13 |       |       ||    13
Dodge: Dodged            |    57 |    61 |   313 ||   431
